 Dungeon Crawl Stone Soup version 0.30.1 (webtiles) character file.

Game seed: 7935035943929056176

5726 Fodor the Basher (level 10, -3/88 HPs)
             Began as a Minotaur Fighter on July 8, 2023.
             Was an Initiate of Gozag.
             Killed from afar by a starcursed mass (7 damage)
             ... with an accursed screaming
             ... on level 2 of the Abyss.
             The game lasted 00:41:40 (6978 turns).

Fodor the Basher (Minotaur Fighter)                 Turns: 6978, Time: 00:41:41

Health: -3/88      AC: 19    Str: 27    XL:     10   Next: 48%
Magic:  9/9        EV: 25    Int:  5    God:    Gozag
Gold:   1069       SH:  6    Dex: 10    Spells: 9/9 levels left

rFire   + . .        l - +4 whip (drain)
rCold   x . .        c - +1 buckler
rNeg    . . .        N - +4 chain mail of the Black Skies {Harm Fly Str+2 SInv}
rPois   .            (helmet restricted)
rElec   .            j - +2 cloak
rCorr   .            (no gloves)
SInv    +            (no boots)
Will    +....        t - amulet of the acrobat Stlth
                     p - ring of fire
HPRegen 0.34/turn    x - ring of willpower
MPRegen 0.11/turn

%: harm (+30% outgoing, +20% incoming), acrobat
@: acrobatic, flying
A: horns 2, retaliatory headbutt
a: Renounce Religion, Potion Petition, Call Merchant, Bribe Branch


You were on level 2 of the Abyss.
You worshipped Gozag.
Gozag was most pleased with you.
You visited 1 branch of the dungeon, and saw 9 of its levels.
You visited the Abyss 1 time.

You collected 1272 gold pieces.
You spent 144 gold pieces at shops.
You paid 59 gold pieces to Gozag.

Inventory:

Hand Weapons
 a - a +2 great sword
 l - a +4 whip of draining (weapon)
 A - a +0 shortbow of draining
 P - a +6 heavy mace
Missiles
 h - 2 silver javelins
 v - 10 poisoned darts (quivered)
Armour
 c - a +1 buckler (worn)
 e - a +0 cloak
 j - a +2 cloak (worn)
 N - the +4 chain mail of the Black Skies (worn) {Harm Fly Str+2 SInv}
   (You took it off a gnoll on level 7 of the Dungeon)

   Str:       It affects your strength (+2).
   SInv:      It lets you see invisible.
   Fly:       It grants you flight.
   Harm:      It increases damage dealt and taken.
Jewellery
 f - an amulet of regeneration
 p - a ring of fire (left hand)
 t - an amulet of the acrobat (around neck)
 x - a ring of willpower (right hand)
Wands
 w - a wand of digging (1)
 B - a wand of flame (6)
 E - a wand of paralysis (5)
 K - a wand of roots (13)
Scrolls
 k - 3 scrolls of noise
 n - a scroll of fog
 y - 2 scrolls of fear
 C - a scroll of poison
 I - a scroll of blinking {unknown}
 L - a scroll of amnesia {unknown}
 M - a scroll of magic mapping
Potions
 b - 2 potions of ambrosia {unknown}
 d - 3 potions of might
 g - 3 potions of magic {unknown}
 i - 2 potions of heal wounds
 m - a potion of lignification {unknown}
 o - 2 potions of curing
 q - 3 potions of invisibility
 s - a potion of resistance
 u - a potion of degeneration {unknown}
 z - 2 potions of haste
 D - 2 potions of attraction {unknown}
 G - 3 potions of mutation {unknown}
 H - 2 potions of flight {unknown}
 J - a potion of berserk rage {unknown}


   Skills:
 + Level 8.2 Fighting
 + Level 3.3 Long Blades
 + Level 10.6 Maces & Flails
 + Level 0.4 Throwing
 + Level 10.5 Armour
 + Level 4.6 Dodging
 + Level 2.7 Stealth
 + Level 7.4 Shields


You had 9 spell levels left.
You didn't know any spells.
Your spell library contained the following spells:

 Spells                   Type           Power      Damage    Failure   Level
 Apportation              Tloc           0%         N/A       92%         1
 Necrotise                Necr           0%         1d4       92%         1
 Summon Small Mammal      Summ           0%         N/A       92%         1
 Ozocubu's Armour         Ice            0%         N/A       100%        3
 Blade Hands              Tmut           0%         N/A       100%        5
 Borgnjor's Vile Clutch   Necr/Erth      0%         N/A       100%        5
 Irradiate                Conj/Tmut      0%         3d11      100%        5
 Death Channel            Necr           0%         N/A       100%        6
 Dragon Form              Tmut           0%         N/A       100%        7
 Ozocubu's Refrigeration  Ice            0%         4d7       100%        7
 Chain Lightning          Conj/Air       0%         N/A       100%        9
 Fire Storm               Conj/Fire      0%         5d1       100%        9
 Shatter                  Erth           0%         3d5*      100%        9
 Animate Dead             Necr           Unusable   N/A       N/A         4

Dungeon Overview and Level Annotations

Branches:
Dungeon (9/15)             Temple (0/1) D:6
   Lair: D:8-11         Orc: D:9-12

Altars:
Ashenzari
Gozag
Okawaru
Yredelemnul
Zin

Shops:
D:4 *

Annotations:
D:5 1 runed translucent door
D:9 Erolcha


Innate Abilities, Weirdness & Mutations

You have a pair of horns on your head.
You reflexively headbutt those who attack you in melee.


Message History

A starcursed mass splits.
You see here 6 gold pieces.
You hit the starcursed mass.
The starcursed mass is lightly damaged.
The starcursed mass shudders and is absorbed by its neighbour.
A starcursed mass splits.
You hit the starcursed mass. You headbutt the starcursed mass.
The starcursed mass is lightly damaged.
The starcursed mass shudders and is absorbed by its neighbour.
A chorus of shrieks assaults your mind.
The starcursed mass completely misses you.
A chorus of shrieks assaults your mind. You block the starcursed mass's attack.
A starcursed mass splits.
A chorus of shrieks assaults your mind.
* * * LOW HITPOINT WARNING * * *
You hit the starcursed mass but do no damage.
You headbutt the starcursed mass.
The starcursed mass is lightly damaged.
The starcursed mass shudders and is absorbed by its neighbour.
A chorus of shrieks assaults your mind.
* * * LOW HITPOINT WARNING * * *
You hit the starcursed mass.
The starcursed mass is lightly damaged.
The starcursed mass shudders and is absorbed by its neighbour.
A starcursed mass splits.
A starcursed mass splits.
The starcursed mass attacks as you move away!
The starcursed mass touches you but does no damage.
A chorus of shrieks assaults your mind.
* * * LOW HITPOINT WARNING * * *
A chorus of shrieks assaults your mind.
* * * LOW HITPOINT WARNING * * *
A starcursed mass splits.
You hit the starcursed mass.
The starcursed mass is lightly damaged.
The starcursed mass shudders and is absorbed by its neighbour.
A starcursed mass splits.
A chorus of shrieks assaults your mind.
You die...
Your body crumbles into a pile of gold.

###.. .#.#
#.#.##...# #
##.......# #
.#..$X..####
#.##X#...#..
#.#.#.##..#
###.#X...#.#...
#....X#...####...
#..#@#..####.# #
# #..#### .####.
# #.### .### . .#
## # .. . ##.# #.
.# .. # # # .#.
... ... # # ## #.
.


You could see 2 starcursed masses.

Vanquished Creatures
  A blizzard demon (Abyss:2)
  Pikel (D:4)
  Maurice (D:8)
  An apocalypse crab (Abyss:2)
  Maggie (D:7)
  Psyche (D:8)
  A troll (D:9)
  Prince Ribbit (D:7)
  A steam dragon (D:8)
  2 water moccasins
  Duvessa (D:7)
  An orc warrior (D:8)
  A black bear (D:7)
  3 ice beasts
  5 ogres
  A centaur (D:8)
  Blork the orc (D:5)
  4 scorpions
  Dowan (D:7)
  5 wights (D:8)
  An electric eel (D:7)
  3 howler monkeys
  3 jellies
  An orc priest (D:8)
  2 gnoll boudas (D:7)
  A hound (D:6)
  2 sleepcaps (D:6)
  2 iguanas
  Ijyb (D:5)
  8 orc wizards
  7 gnolls
  8 adders
  3 shadow imps
  4 white imps
  2 dart slugs
  30 orcs
  A bat (D:2)
  5 endoplasms
  14 giant cockroaches
  6 goblins
  11 hobgoblins
  11 jackals
  2 quokkas
  9 ball pythons
  6 frilled lizards
  A goblin skeleton (D:5)
  A jackal zombie (D:5)
  6 kobolds
  6 rats
191 creatures vanquished.

Vanquished Creatures (others)
  An orc (D:7)
1 creature vanquished.

Grand Total: 192 creatures vanquished

Notes
Turn   | Place    | Note
-------+----------+-------------------------------------------
     0 | D:1      | Fodor the Minotaur Fighter began the quest for the Orb.
     0 | D:1      | Reached XP level 1. HP: 19/19 MP: 0/0
    84 | D:1      | Reached XP level 2. HP: 26/26 MP: 1/1
   435 | D:1      | Reached XP level 3. HP: 33/33 MP: 2/2
   606 | D:2      | Found a broken altar of Ashenzari.
   684 | D:2      | You fall into a shaft and drop 2 floors!
   768 | D:4      | Noticed an ogre
   776 | D:4      | Killed an ogre
   777 | D:4      | Reached skill level 1 in Maces & Flails
   777 | D:4      | Reached skill level 1 in Dodging
   777 | D:4      | Reached XP level 4. HP: 17/40 MP: 3/3
   777 | D:4      | Reached XP level 5. HP: 19/46 MP: 4/4
   982 | D:3      | Noticed a water moccasin
   989 | D:3      | Killed a water moccasin
   990 | D:3      | Reached skill level 5 in Armour
  1281 | D:2      | Reached XP level 6. HP: 52/53 MP: 5/5
  1709 | D:3      | Found an opulent altar of Gozag.
  1715 | D:3      | Became a worshipper of Gozag Ym Sagoz the Greedy
  1774 | D:3      | Found a glowing silver altar of Zin.
  2281 | D:3      | Reached skill level 5 in Shields
  2649 | D:4      | Reached skill level 5 in Fighting
  2788 | D:4      | Found Iwkeahan's CLEARANCE SALE!.
  2810 | D:4      | Bought a potion of might for 24 gold pieces
  2810 | D:4      | Bought a potion of haste for 60 gold pieces
  2810 | D:4      | Bought 2 potions of heal wounds for 60 gold pieces
  2860 | D:4      | Reached XP level 7. HP: 52/61 MP: 6/6
  2923 | D:4      | Noticed Pikel
  2960 | D:4      | Killed Pikel
  2961 | D:4      | Reached skill level 5 in Maces & Flails
  2961 | D:4      | Reached skill level 1 in Stealth
  2961 | D:4      | Reached XP level 8. HP: 49/69 MP: 7/7
  3080 | D:5      | Entered Level 5 of the Dungeon
  3144 | D:5      | Noticed Blork the orc
  3153 | D:5      | Killed Blork the orc
  3296 | D:5      | Found a runed translucent door.
  3299 | D:5      | Found a basalt altar of Yredelemnul.
  3964 | D:5      | Noticed Ijyb
  3973 | D:5      | Paralysed by Ijyb for 5 turns
  3979 | D:5      | Killed Ijyb
  4183 | D:6      | Found a staircase to the Ecumenical Temple.
  4313 | D:6      | Found an iron altar of Okawaru.
  4987 | D:7      | Noticed Prince Ribbit
  4995 | D:7      | Noticed Maggie
  5047 | D:7      | Killed Maggie
  5048 | D:7      | Reached XP level 9. HP: 40/78 MP: 8/8
  5077 | D:7      | Killed Prince Ribbit
  5779 | D:7      | Noticed Duvessa
  5779 | D:7      | Noticed Dowan
  5790 | D:7      | Killed Duvessa
  5794 | D:7      | Killed Dowan
  5830 | D:7      | Identified the +4 chain mail of the Black Skies {Harm Fly
                  | Str+2 SInv}
  6200 | D:8      | Identified the +2 robe "Biw Basegg" {+Blink rF- Will+}
  6441 | D:8      | Noticed Maurice
  6472 | D:8      | Killed Maurice
  6473 | D:8      | Reached XP level 10. HP: 72/88 MP: 9/9
  6748 | D:8      | Noticed Psyche
  6758 | D:8      | Killed Psyche
  6759 | D:8      | Reached skill level 10 in Maces & Flails
  6776 | D:9      | Noticed Erolcha
  6786 | Abyss:2  | Cast into level 2 of the Abyss (Erolcha)
  6787 | Abyss:2  | Reached skill level 10 in Armour
  6824 | Abyss:2  | Found a corrupted altar of Lugonu.
  6909 | Abyss:2  | Found a corrupted altar of Lugonu.
  6911 | Abyss:2  | Found a corrupted altar of Lugonu.
  6911 | Abyss:2  | Found a corrupted altar of Lugonu.
  6929 | Abyss:2  | Noticed an apocalypse crab
  6940 | Abyss:2  | Killed an apocalypse crab
  6940 | Abyss:2  | Noticed a blizzard demon
  6956 | Abyss:2  | Killed a blizzard demon
  6958 | Abyss:2  | Noticed a starcursed mass
  6973 | Abyss:2  | HP: 2/88 [starcursed mass/accursed screaming (9)]
  6978 | Abyss:2  | Killed from afar by a starcursed mass

Illustrated notes

Levels and vault maps discovered:
D:1:      co_arrival_square_in_a_square_in_a_square, layout_basic,
          minmay_cut_off
D:2:      minmay_roachtagon, layout_basic, basic_altar
D:3:      layout_loops_corners, pdpol_temple_overflow_zin_treasury_gozag_greed
D:4:      layout_loops_cross, nicolae_shop_clearance, uniq_pikel
D:5:      layout_basic, dk_yredelemnul_ordeal, uniq_blork_the_orc, uniq_ijyb
D:6:      layout_basic, general_overflow_altar, minmay_temple_entry_offerings,
          roderic_lattice_a, minmay_misc_feat_ornament,
          chequers_serial_rivers_marsh
D:7:      cheibrodos_helix_gallery, layout_basic, uniq_maggie, uniq_duvessa,
          uniq_prince_ribbit1
D:8:      layout_rooms, uniq_psyche, uniq_maurice
D:9:      cheibrodos_ideogram_h, layout_basic,
          chequers_temple_overflow_minitemple, due_lair_maze_entry_diamond,
          amcnicky_mini_corridor_feature, kb_rosetta, uniq_erolcha
Abyss:2:  base: D:3, lemuel_flamethrower_3

Skill      XL: |  1  2  3  4  5  6  7  8  9 10 |
---------------+-------------------------------+-----
Shields        | 4 5 6 7 |  7.4
Armour         | 4 5 6 8 9 10 | 10.5
Fighting       | 4 5 6 7 8 |  8.2
Long Blades    | 3 |  3.3
Maces & Flails | 1 2 3 5 7 9 10 | 10.6
Dodging        | 1 2 3 4 |  4.6
Stealth        | 1 2 |  2.7
Throwing       | |  0.4

Action                     |  1- 3 |  4- 6 |  7- 9 | 10-12 || total
---------------------------+-------+-------+-------+-------++-------
  Melee: Long sword        |    38 |       |       |       ||    38
         Headbutt          |    18 |    12 |    47 |    16 ||    93
         Whip              |    45 |   118 |   323 |    60 ||   546
  Throw: Stone             |     5 |       |       |       ||     5
         Dart              |       |       |       |     2 ||     2
    Use: Scroll            |       |       |    15 |     2 ||    17
         Potion            |       |       |     1 |       ||     1
   Stab: Distracted        |       |       |     3 |       ||     3
 Armour: Scale mail        |    36 |    58 |     7 |       ||   101
         Chain mail        |       |       |    79 |    24 ||   103
  Dodge: Dodged            |    36 |    77 |   150 |    24 ||   287
  Block: Buckler           |    20 |    18 |    61 |     7 ||   106
